 Dungeon Crawl Stone Soup version 0.31-a0-219-g8d62b2e7bb (webtiles) character file.

Game seed: 6358864591745571914

249 qw the Shooter (level 6, 0/37 HPs)
             Began as a Gargoyle Hexslinger on July 3, 2023.
             Slain by Ijyb
             ... wielding a +0 club
              (3 damage)
             ... on level 4 of the Dungeon.
             The game lasted 00:00:56 (2954 turns).

qw the Shooter (Gargoyle Hexslinger)                Turns: 2954, Time: 00:00:57

Health: 0/37       AC:  9    Str: 12    XL:     6   Next: 12%
Magic:  7/7        EV: 10    Int: 13    God:
Gold:   210        SH:  0    Dex: 14    Spells: 6/7 levels left

rFire   . . .        j - +1 sling (heavy)
rCold   . . .        (no shield)
rNeg    + . .        d - +0 ring mail
rPois   inf          (no helmet)
rElec   +            (no cloak)
rCorr   .            (no gloves)
SInv    .            (no boots)
Will    .....        (no amulet)
Stlth   +            (no ring)
HPRegen 0.26/turn    (no ring)
MPRegen 0.10/turn

%: no passive effects
@: no status effects
A: sickness immunity, AC +4, negative energy resistance 1, electricity
resistance, torment resistance 1, petrification resistance
a: no special abilities


You were on level 4 of the Dungeon.
You visited 1 branch of the dungeon, and saw 5 of its levels.

You collected 210 gold pieces.


Innate Abilities, Weirdness & Mutations

You are immune to sickness and miasma.
Your stone body is resilient. (AC +4)
You are immune to poison.
You resist negative energy. (rN+)
You are resistant to electric shocks. (rElec)
You are resistant to unholy torment.
You are immune to petrification.


   Skills:
 - Level 3.4 Fighting
 + Level 5.1 Ranged Weapons
 - Level 1.3 Armour
 - Level 1.5 Dodging
 - Level 1.0 Spellcasting
 - Level 2.6 Hexes


You had 6 spell levels left.
You knew the following spells:

 Your Spells              Type           Power      Damage    Failure   Level
a - Slow                  Hex            28%        N/A       21%         1

Your spell library contained the following spells:

 Spells                   Type           Power      Damage    Failure   Level
 Inner Flame              Hex/Fire       4%         N/A       71%         3
 Portal Projectile        Hex/Tloc       8%         N/A       71%         3
 Cause Fear               Hex            3%         N/A       90%         4

Inventory:

Hand Weapons
 j - a +1 heavy sling (weapon)
Armour
 d - a +0 ring mail (worn)
Jewellery
 g - a ring of ice
Scrolls
 a - 2 scrolls of identify
 c - a scroll of teleportation {unknown}
Potions
 b - a potion of might
 e - a potion of resistance
 f - a potion of invisibility {unknown}
 h - a potion of haste {unknown}
 i - a potion of magic {unknown}

Dungeon Overview and Level Annotations

Branches:
Dungeon (5/15)
 Temple: D:4-7

Altars:
Cheibriados
Zin

Shops:
D:3 [

Annotations:
D:2 1 runed translucent door, Crazy Yiuf
D:3 3 runed translucent doors, qw's ghost, amateur MiHs
D:4 Ijyb


Message History

Ijyb screams, "Level is mine!
All mine!"
Ijyb hits you but does no damage. The jackal misses you.
You shoot a sling bullet. The sling bullet hits Ijyb.
Ijyb is lightly wounded.
The jackal closely misses you. Ijyb barely misses you.
The jackal bites you but does no damage.
Ijyb hits you with a +0 club.
You shoot a sling bullet. The sling bullet barely misses Ijyb.
The jackal stops to sniff the ground.
The jackal closely misses you.
The jackal bites you but does no damage.
Ijyb zaps a wand.
The bolt of dispelling energy misses you.
The jackal bites you but does no damage.
Ijyb zaps a wand.
The bolt of dispelling energy hits you.
You shoot a sling bullet.
The sling bullet completely misses Ijyb.
The jackal closely misses you. Ijyb hits you but does no damage.
The jackal bites you but does no damage.
Ijyb hits you but does no damage.
You shoot a sling bullet. The sling bullet barely misses Ijyb.
The jackal bites you but does no damage.
The jackal closely misses you. Ijyb hits you but does no damage.
The jackal bites you but does no damage.
You shoot a sling bullet. The sling bullet hits Ijyb.
Ijyb is lightly wounded.
The jackal bites you but does no damage.
Ijyb closely misses you.
The jackal bites you but does no damage.
Ijyb hits you but does no damage.
The jackal bites you but does no damage.
You shoot a sling bullet. The sling bullet hits Ijyb.
Ijyb is moderately wounded.
The jackal closely misses you. Ijyb hits you but does no damage.
The jackal bites you.
Ijyb zaps a wand.
The bolt of dispelling energy misses you.
The now-empty wand crumbles to dust.
You shoot a sling bullet. The sling bullet closely misses Ijyb.
The jackal bites you. Ijyb hits you with a +0 club.
You die...

##~~~ #..#
.~~#########..#...#
#~~#..........#...#
...'..).......#...#
...'..).......#.$.#
...'..%.......#...#
#~~#..........#.).#
#~~#########..##gh#
..~~~..#...#....@.#
##~~~..)...'......#
##~~..#...#......#
#################


You could see Ijyb and a jackal.

Vanquished Creatures
  A hound (D:4)
  An orc priest (D:4)
  A sleepcap (D:4)
  An iguana (D:4)
  4 gnolls (D:4)
  4 adders
  A worm (D:2)
  3 dart slugs
  3 ball pythons
  3 endoplasms
  5 giant cockroaches
  5 hobgoblins
  2 jackals (D:4)
  7 kobolds
  A quokka (D:1)
  2 bats (D:2)
  2 frilled lizards
  10 goblins
  2 rats
58 creatures vanquished.

Vanquished Creatures (others)
  2 goblins (D:4)
2 creatures vanquished.

Grand Total: 60 creatures vanquished

Notes
Turn   | Place    | Note
-------+----------+-------------------------------------------
     0 | D:1      | qw the Gargoyle Hexslinger began the quest for the Orb.
     0 | D:1      | Reached XP level 1. HP: 12/12 MP: 2/2
     0 | D:1      | 0 ||| qw: Version: 0.3-a-40-ge99b1a8
     0 | D:1      | 0 ||| qw: Game counter: 417
     0 | D:1      | 0 ||| qw: Melee chars always use a shield: true
     0 | D:1      | 0 ||| qw: God list: Okawaru
     0 | D:1      | 0 ||| qw: Allow faded altars: false
     0 | D:1      | 0 ||| qw: Do Orc after clearing Dungeon:15 true
     0 | D:1      | 0 ||| qw: Do second Lair branch before Depths: true
     0 | D:1      | 0 ||| qw: Lair rune preference: random
     0 | D:1      | 0 ||| qw: Goals: Normal
     0 | D:1      | 0 ||| PLANNING D:1-11
   138 | D:1      | Reached XP level 2. HP: 16/16 MP: 3/3
   193 | D:1      | Found a faded altar of an unknown god.
   447 | D:1      | Reached skill level 3 in Ranged Weapons
   747 | D:1      | 747 ||| UPGRADING to +0 leather armour.
   757 | D:1      | 757 ||| DROPPING +0 robe.
   758 | D:1      | 758 ||| DROPPING amulet of magic regeneration.
   759 | D:1      | 759 ||| READING 2 scrolls labelled LEAMIAD ZUQU.
   760 | D:1      | 760 ||| DRINKING 2 lumpy coppery potions.
   761 | D:1      | 761 ||| DROPPING scroll of poison.
   855 | D:2      | Reached XP level 3. HP: 13/21 MP: 4/4
  1014 | D:2      | Found a runed translucent door.
  1015 | D:2      | Noticed Crazy Yiuf
  1164 | D:2      | Reached XP level 4. HP: 26/26 MP: 5/5
  1424 | D:2      | 1424 ||| READING scroll labelled CUXUSI VIRCHIT.
  1425 | D:2      | 1425 ||| READING scroll labelled KALYZO DUPSOYNG.
  1426 | D:2      | 1426 ||| DRINKING 2 silvery potions.
  1427 | D:2      | 1427 ||| READING 2 scrolls of identify.
  1427 | D:2      | 1427 ||| IDENTIFYING white potion
  1428 | D:2      | 1428 ||| DROPPING potion of attraction.
  1506 | D:3      | Reached skill level 4 in Ranged Weapons
  1676 | D:3      | Found a runed translucent gate.
  1676 | D:3      | Found a runed translucent gate.
  1676 | D:3      | Found a runed translucent gate.
  1677 | D:3      | Noticed qw's ghost (amateur MiHs)
  1678 | D:3      | Noticed a kobold brigand
  1872 | D:3      | Found a snail-covered altar of Cheibriados.
  1875 | D:3      | Found Nuank's Antique Armour Shoppe.
  1883 | D:3      | 1883 ||| SHOPLISTING pair of buzzing boots (275 gold, have
                  | 119).
  1883 | D:3      | 1883 ||| SHOPLISTING polished ring mail (261 gold, have
                  | 119).
  2003 | D:3      | You fall into a shaft and drop 2 floors!
  2003 | D:5      | Entered Level 5 of the Dungeon
  2035 | D:5      | 2035 ||| UPGRADING to +0 ring mail.
  2045 | D:5      | 2045 ||| DROPPING +0 leather armour.
  2046 | D:5      | 2046 ||| READING 2 scrolls labelled HUMNYC CISEDAO.
  2047 | D:5      | 2047 ||| READING scroll of brand weapon.
  2047 | D:5      | 2047 ||| BRANDING +1 sling of flaming.
  2048 | D:5      | 2048 ||| READING scroll labelled YREMMO XAESOG.
  2049 | D:5      | Noticed a scorpion
  2051 | D:5      | 2051 ||| FLEEEEING.
  2052 | D:5      | 2052 ||| FLEEEEING.
  2053 | D:5      | 2053 ||| FLEEEEING.
  2054 | D:5      | 2054 ||| FLEEEEING.
  2055 | D:5      | 2055 ||| STAIRDANCE
  2092 | D:4      | Reached skill level 1 in Armour
  2100 | D:4      | Reached XP level 5. HP: 15/30 MP: 6/6
  2328 | D:3      | Found a glowing silver altar of Zin.
  2549 | D:4      | Reached skill level 5 in Ranged Weapons
  2668 | D:4      | 2668 ||| FLEEEEING.
  2669 | D:4      | 2669 ||| FLEEEEING.
  2669 | D:4      | HP: 6/32 [orc priest/divine providence (13)]
  2670 | D:4      | 2670 ||| FLEEEEING.
  2671 | D:4      | 2671 ||| FLEEEEING.
  2672 | D:4      | 2672 ||| FLEEEEING.
  2673 | D:4      | 2673 ||| FLEEEEING.
  2674 | D:4      | 2674 ||| FLEEEEING.
  2679 | D:4      | 2679 ||| FLEEEEING.
  2680 | D:4      | 2680 ||| FLEEEEING.
  2692 | D:4      | 2692 ||| FLEEEEING.
  2693 | D:4      | 2693 ||| FLEEEEING.
  2696 | D:4      | Reached skill level 3 in Fighting
  2696 | D:4      | Reached XP level 6. HP: 15/37 MP: 7/7
  2940 | D:4      | Noticed Ijyb
  2947 | D:4      | HP: 8/37 [Ijyb/bolt of dispelling energy (4)]
  2953 | D:4      | HP: 5/37 [jackal (2)]
  2954 | D:4      | Slain by Ijyb

Levels and vault maps discovered:
D:1:      co_arrival_random_square_maze, layout_loops_ring,
          dreamdust_ecumenical_altar_hidden_monk_grotto
D:2:      layout_rooms, st_stairs_1, uniq_crazy_yiuf_cottage
D:3:      layout_loops_cross, zin_scriptorium, general_overflow_altar,
          gammafunk_ghost_nasty_kobolds, serial_shops, nicolae_diamond_shop,
          nicolae_the_louvre
D:4:      kennysheep_goblin_castle, layout_loops_corners, kennysheep_little_box,
          st_stairs_5
D:5:      layout_loops_cross, nicolae_uskayaw_dance_hall, serial_shops,
          nicolae_shop_tiny_glass, amcnicky_mini_corridor_feature,
          corner_web_ring, uniq_pikel

Skill      XL: |  1  2  3  4  5 |
---------------+----------------+-----
Ranged Weapons | 3 4 5 |  5.1
Fighting       | 2 3 |  3.4
Armour         | 1 |  1.3
Dodging        | |  1.5
Spellcasting   | |  1.0
Hexes          | |  2.6

Action                     |  1- 3 |  4- 6 || total
---------------------------+-------+-------++-------
   Fire: Sling             |    94 |   105 ||   199
    Use: Scroll            |     1 |     6 ||     7
         Potion            |     1 |     1 ||     2
 Armour: Robe              |     7 |       ||     7
         Leather armour    |    19 |    14 ||    33
         Ring mail         |       |    54 ||    54
  Dodge: Dodged            |    33 |    47 ||    80

Table legend:
 A = Non-vault XP
 B = Vault XP
 C = Vault XP percentage of total XP
 D = Non-vault monster count
 E = Vault monster count
 F = Vault count percentage of total count
                 A         B        C        D         E       F
            +---------+---------+-------+---------+---------+-------
      Total |     298 |      58 |  16.3 |      49 |       9 |  15.5
            +---------+---------+-------+---------+---------+-------
        D:1 |      26 |       0 |   0.0 |      14 |       0 |   0.0
        D:2 |      58 |       7 |  10.8 |      13 |       2 |  13.3
        D:3 |      15 |       0 |   0.0 |       8 |       0 |   0.0
        D:4 |     199 |      51 |  20.4 |      14 |       7 |  33.3
            +---------+---------+-------+---------+---------+-------
